Map: Acid Plant LE

Players

TRUE

  • Race: Zerg Zerg
  • Spawn Location: 5:00

Leenock - Winner!

  • Race: Zerg Zerg
  • Spawn Location: 11:00

Event: IEM Season 12 - Katowice

VOD

Have the link to the VOD?

Description

Time

  • Played on: Feb. 26, 2018, 10:10 a.m.
  • Length: 10:42

All games in this series

Show
View Real Time Build Order
Export as new Build Order

TRUE Zerg 

Build Orders: Hatch First 

Get SALT Encoding   

  12  0:00  Drone  
  13  0:12  Overlord  
  13  0:16  Drone  
  14  0:30  Drone  
  14  0:31  Drone  
  14  0:33  Drone  
  17  0:52  Hatchery  
  17  0:55  Drone  
  17  0:57  Drone  
  17  1:01  Extractor  
  17  1:13  Spawning Pool  
  17  1:16  Drone  
  17  1:20  Drone  
  18  1:29  Drone  
  19  1:37  Overlord  
  19  2:00  Queen  
  19  2:01  Metabolic Boost  
  21  2:03  Queen  
  21  2:04  Drone  
  21  2:08  Drone  
  25  2:09  Drone  
  25  2:12  Drone  
  27  2:16  Drone  
  27  2:21  Drone  
  29  2:25  Drone  
  30  2:32  Zergling x2  
  30  2:36  Zergling x2  
  32  2:42  Zergling x2  
  33  2:46  Hatchery  
  32  2:51  Baneling Nest  
  32  2:52  Zergling x2  
  32  2:55  Zergling x2  
  32  2:58  Drone  
  34  3:08  Drone x2  
  34  3:09  Overlord  
  34  3:12  Overlord  
  35  3:28  Drone x5  
  35  3:29  Drone  
  41  3:35  Baneling x2  
  41  3:38  Zergling x2  
  41  3:40  Zergling x2  
  41  3:41  Baneling x2, Zergling x6  
  45  3:46  Zergling x4  
  45  3:47  Zergling x2  
  49  3:51  Zergling x4  
  46  4:03  Zergling x2  
  46  4:04  Zergling x2  
  46  4:08  Zergling x4  
  47  4:12  Queen  
  47  4:15  Drone x2  
  51  4:19  Baneling x3  
  50  4:27  Drone x2  
  50  4:29  Drone x3  
  55  4:31  Drone  
  55  4:32  Drone  
  55  4:35  Drone  
  55  4:37  Drone  
  56  4:44  Drone, Zergling x4  
  54  4:51  Zergling x4  
  55  4:55  Extractor, Zergling x2  
  55  4:56  Zergling x2  
  56  5:02  Baneling x2, Zergling x2  
  56  5:04  Baneling x2, Zergling x2  
  58  5:07  Overlord  
  58  5:13  Baneling  
  57  5:17  Queen  
  57  5:23  Baneling  
  57  5:28  Zergling x4  
  57  5:29  Zergling x6  
  57  5:30  Zergling x4  
  57  5:31  Zergling x2  
  57  5:32  Zergling x8  
  57  5:33  Zergling x2  
  59  5:36  Zergling x2  
  59  5:41  Zergling x4  
  60  5:46  Zergling x2  
  39  5:58  Zergling x6  
  39  6:00  Zergling x2  
  39  6:04  Zergling x2  
  43  6:08  Zergling x2  
  44  6:11  Zergling x2  
  44  6:13  Zergling x2  
  40  6:19  Baneling x2  
  40  6:20  Zergling x2  
  40  6:22  Baneling x2  
  40  6:24  Zergling x2  
  42  6:27  Zergling x2  
  42  6:30  Zergling x2  
  44  6:32  Baneling x2  
  44  6:36  Zergling x2  
  44  6:38  Zergling x2  
  43  6:43  Baneling x2  
  43  6:44  Zergling x2  
  41  6:49  Zergling x4  
  41  6:53  Zergling x2  
  42  6:56  Zergling x2  
  42  6:58  Zergling x2  
  42  7:00  Baneling  
  40  7:02  Baneling  
  40  7:06  Zergling x2  
  40  7:08  Zergling x2  
  39  7:11  Zergling x2  
  39  7:14  Zergling x2  
  38  7:24  Drone  
  35  7:31  Drone x3  
  35  7:33  Drone  
  35  7:35  Baneling  
  39  7:38  Baneling x2  
  40  7:44  Zergling x2  
  40  7:45  Zergling x2  
  40  7:50  Zergling x2  
  40  7:51  Zergling x2  
  42  7:55  Zergling x2  
  42  7:57  Zergling x2  
  44  7:59  Zergling x2  
  44  8:04  Zergling x2  
  43  8:09  Baneling x2  
  43  8:13  Drone x3  
  43  8:19  Zergling x2  
  45  8:20  Baneling x2  
  45  8:22  Zergling x2  
  45  8:24  Zergling x2  
  45  8:33  Zergling x2  
  45  8:34  Zergling x2  
  44  8:36  Zergling x4  
  44  8:39  Baneling, Zergling x2  
  44  8:41  Zergling x2  
  44  8:47  Zergling x2  
  43  8:50  Baneling  
  38  9:01  Baneling x2  
  37  9:03  Zergling x2  
  37  9:08  Baneling x2  
  34  9:10  Baneling x2  
  34  9:14  Baneling x2  
  34  9:15  Zergling x2  
  34  9:18  Zergling x2  
  34  9:21  Zergling x2  
  30  9:25  Zergling x2  
  30  9:30  Zergling x2  
  30  9:31  Zergling x2  
  31  9:35  Zergling x2  
  30  9:44  Zergling x4  
  29  9:50  Zergling x2  
  29  9:53  Zergling x2  
  30  10:03  Zergling x2  
  30  10:04  Zergling x2  
  30  10:07  Baneling x3  
  31  10:08  Baneling  
  31  10:12  Zergling x2  
  33  10:14  Zergling x2  
  33  10:19  Baneling x2  
  33  10:22  Zergling x2  
  33  10:25  Zergling x2  
Show
View Real Time Build Order
Export as new Build Order

Leenock Zerg - Winner!

Build Orders: Hatch First 

Get SALT Encoding   

  12  0:00  Drone  
  13  0:12  Overlord  
  13  0:16  Drone  
  14  0:30  Drone x2  
  14  0:35  Drone  
  17  0:51  Hatchery  
  17  0:55  Drone  
  17  0:57  Drone  
  18  1:05  Extractor  
  17  1:13  Spawning Pool  
  17  1:16  Drone  
  17  1:20  Drone  
  18  1:28  Drone  
  19  1:39  Overlord  
  19  1:59  Queen  
  19  2:00  Zergling x4  
  23  2:02  Queen  
  23  2:03  Drone  
  23  2:05  Metabolic Boost  
  26  2:12  Drone  
  27  2:16  Drone  
  27  2:22  Drone  
  29  2:24  Drone  
  30  2:37  Hatchery  
  30  2:42  Queen  
  31  2:48  Overlord  
  31  2:50  Zergling x2  
  32  2:54  Zergling x4  
  34  2:59  Zergling x4  
  36  3:09  Zergling x4  
  36  3:10  Zergling x4  
  36  3:12  Zergling x2  
  40  3:14  Zergling x2  
  40  3:16  Zergling x2  
  40  3:17  Zergling x2  
  43  3:21  Zergling x2  
  43  3:28  Baneling Nest  
  43  3:32  Zergling x2  
  43  3:33  Zergling x2  
  44  3:36  Overlord  
  44  3:51  Zergling x2  
  44  3:54  Drone x5  
  48  3:59  Drone  
  48  4:01  Zergling x2  
  45  4:03  Zergling x2  
  45  4:04  Zergling x2  
  45  4:05  Zergling x2  
  41  4:13  Zergling x2  
  41  4:14  Zergling x2  
  41  4:17  Zergling x2  
  44  4:21  Baneling x2  
  44  4:23  Baneling x2  
  42  4:25  Zergling x6  
  44  4:32  Zergling x2  
  44  4:33  Zergling x2  
  44  4:35  Zergling x6  
  44  4:37  Zergling x2  
  43  4:42  Zergling x4  
  43  4:44  Zergling x2  
  44  4:50  Zergling x2  
  44  4:51  Zergling x4  
  44  4:52  Zergling x2  
  46  4:55  Zergling x2  
  46  4:58  Zergling x4  
  49  5:01  Zergling x2  
  49  5:04  Baneling x3  
  49  5:05  Baneling  
  49  5:06  Baneling x2  
  50  5:08  Baneling  
  50  5:10  Zergling x2  
  50  5:13  Zergling x2  
  50  5:15  Zergling x2  
  50  5:17  Zergling x2  
  51  5:22  Drone  
  51  5:23  Drone  
  52  5:32  Zergling x2  
  52  5:34  Zergling x2  
  47  5:39  Zergling x2  
  47  5:43  Zergling x10  
  52  5:55  Zergling x6  
  51  5:57  Zergling x10  
  51  5:59  Zergling x2  
  51  6:01  Drone  
  56  6:04  Drone  
  56  6:06  Zergling x2  
  56  6:09  Baneling x2  
  56  6:10  Zergling x2  
  57  6:15  Zergling x2  
  57  6:18  Zergling x2  
  55  6:19  Zergling x2  
  55  6:21  Baneling x4  
  55  6:23  Zergling x2  
  57  6:30  Queen  
  57  6:31  Overlord  
  51  6:41  Zergling x4  
  51  6:42  Zergling x2  
  51  6:44  Zergling x2  
  51  6:45  Zergling x2  
  53  6:49  Zergling x2  
  50  6:54  Zergling x2  
  50  7:01  Zergling x2  
  46  7:05  Zergling x6  
  49  7:09  Zergling x6  
  49  7:11  Baneling  
  49  7:12  Baneling  
  49  7:14  Zergling x2  
  49  7:15  Zergling x2  
  53  7:22  Zergling x2  
  50  7:25  Zergling x2  
  51  7:30  Baneling, Zergling x6  
  51  7:31  Baneling  
  51  7:33  Zergling x6  
  51  7:34  Hatchery  
  56  7:39  Overlord  
  56  7:42  Baneling x2  
  57  7:44  Zergling x2  
  56  7:53  Zergling x2  
  56  7:54  Baneling x4, Zergling x4  
  57  8:03  Zergling x2  
  57  8:04  Zergling x10  
  60  8:19  Baneling x4  
  58  8:22  Zergling x4  
  58  8:24  Zergling x2  
  56  8:29  Zergling x4  
  56  8:31  Zergling x2  
  56  8:32  Zergling x4  
  56  8:33  Baneling, Zergling x2  
  58  8:36  Zergling x2  
  56  8:42  Zergling x2  
  57  8:49  Zergling x4  
  57  8:56  Zergling x10  
  57  8:57  Baneling, Zergling x4  
  57  8:58  Baneling x3  
  57  9:00  Zergling x2  
  64  9:08  Zergling x4  
  64  9:09  Zergling x2  
  62  9:16  Roach Warren  
  62  9:17  Drone  
  61  9:18  Baneling x2  
  51  9:31  Zergling x2  
  51  9:32  Zergling x2  
  51  9:33  Zergling x2  
  51  9:34  Zergling x2  
  51  9:35  Zergling x6  
  51  9:36  Zergling x2  
  52  9:41  Drone  
  52  9:42  Drone  
  44  9:56  Zergling x2  
  44  9:59  Roach x3  
  50  10:00  Drone x2  
  50  10:01  Drone x2, Extractor  
  50  10:05  Baneling  
  52  10:07  Zergling x6  
  52  10:11  Zergling x2  
  55  10:26  Baneling x2  

Tags
 
Add a new tag
Caveats
  • Supply blocks, unpowered buildings, or Contaminate may cause inaccurate times.
  • Supply counts are checked every 10 seconds.